 Dungeon Crawl Stone Soup version 0.23.2-40-g277498a001 (webtiles) character file.

Game seed: 17178975679238959392

36 Anathary the Shield-Bearer (level 3, -3/30 HPs)
             Began as a Formicid Fighter on Sept 29, 2019.
             Succumbed to a kobold's poison
             ... on level 1 of the Dungeon.
             The game lasted 00:03:49 (602 turns).

Anathary the Shield-Bearer (Formicid Fighter)        Turns: 602, Time: 00:03:50

Health: -3/30      AC:  6    Str: 21    XL:     3   Next: 57%
Magic:  3/3        EV:  8    Int:  7    God:
Gold:   37         SH:  9    Dex: 10    Spells: 2/2 levels left

rFire    . . .     SeeInvis +   a - +0 trident
rCold    . . .     Gourm    .   c - +0 shield
rNeg     . . .     Faith    .   b - +0 scale mail
rPois    .         Spirit   .   (helmet unavailable)
rElec    .         Reflect  .   (no cloak)
rCorr    .         Harm     .   (no gloves)
MR       .....                  (no boots)
Stlth    ..........             (no amulet)
HPRegen  0.10/turn              (no ring)
MPRegen  0.08/turn              (no ring)

@: lethally poisoned (-3 -> -45)
A: permanent stasis, dig shafts and tunnels, four strong arms, antennae 3
a: Dig, Shaft Self


You were on level 1 of the Dungeon.
You were not hungry.

You visited 1 branch of the dungeon, and saw 1 of its levels.

You collected 37 gold pieces.

Inventory:

Hand Weapons
 a - a +0 trident (weapon)
Armour
 b - a +0 scale mail (worn)
 c - a +0 shield (worn)
Jewellery
 m - an uncursed ring of flight {unknown}
Scrolls
 g - 4 scrolls of identify {unknown}
 j - a scroll of remove curse {unknown}
 k - a scroll of enchant armour {unknown}
Potions
 d - a potion of might
 e - a potion of ambrosia {unknown}
 h - a potion of berserk rage {unknown}
 i - a potion of degeneration {unknown}
 l - 2 potions of mutation {unknown}
Comestibles
 f - 3 rations


   Skills:
 + Level 3.7 Fighting
 + Level 2.5 Polearms
 + Level 3.6 Armour
 + Level 4.1 Shields


You had 2 spell levels left.
You didn't know any spells.
Your spell library was empty.

Dungeon Overview and Level Annotations

Branches:
Dungeon (1/15)

Altars:


Innate Abilities, Weirdness & Mutations

You cannot be hasted, slowed, berserked, paralysed or teleported.
You can dig through walls and to a lower floor.
Your four strong arms can wield two-handed weapons with a shield.
You have a pair of large antennae on your head. (SInv)


Message History

You feel sick.
* * * LOW HITPOINT WARNING * * *
You feel sick.
You closely miss the frilled lizard.
* * * LOW HITPOINT WARNING * * *
You feel sick. You block the frilled lizard's attack.
You closely miss the frilled lizard.
* * * LOW HITPOINT WARNING * * *
You feel sick. You block the frilled lizard's attack.
The kobold hits you but does no damage.
You are more poisoned.
You block the frilled lizard's attack.
You barely miss the frilled lizard.
* * * LOW HITPOINT WARNING * * *
You feel very sick. The kobold hits you but does no damage.
You are more poisoned.
You block the frilled lizard's attack. The kobold hits you but does no damage.
You are more poisoned.
You die...

.....## #.## ####..#### ##.# ...
##....###..# ### ...
####.....######.. ....
####........#.## .....
#######....######....##.....
......).....................
####..#############.%†...... #
#..## ###.@.lw.#.... .##.######
#.....K##..# {
..........###...##....#...
#.†.####................###
#.####...........########
..........#.............##
.##...#..##.###########..##
...........^.# ##..#######
#.###........###########...#.....


You could see a dart slug, a kobold and a frilled lizard.

Vanquished Creatures
  A gnoll (D:1)
  A leopard gecko (D:1)
  2 giant cockroaches (D:1)
  3 goblins (D:1)
  2 hobgoblins (D:1)
  3 jackals (D:1)
  5 bats (D:1)
  A frilled lizard (D:1)
  2 kobolds (D:1)
  4 rats (D:1)
24 creatures vanquished.

Notes
Turn   | Place    | Note
-------+----------+-------------------------------------------
     0 | D:1      | Anathary the Formicid Fighter began the quest for the Orb.
     0 | D:1      | Reached XP level 1. HP: 18/18 MP: 1/1
    71 | D:1      | Reached XP level 2. HP: 22/24 MP: 2/2
    87 | D:1      | Reached skill level 4 in Shields
   280 | D:1      | Reached XP level 3. HP: 29/29 MP: 3/3
   601 | D:1      | HP: 1/30 [poisoned by a kobold]
   602 | D:1      | Succumbed to a kobold's poison

Skill      XL: |  1  2 |
---------------+-------+-----
Shields        | 4 |  4.1
Fighting       | |  3.7
Polearms       | |  2.5
Armour         | |  3.6

Action                   || total
-------------------------++-------
Melee: Trident           ||    79
Armor: Scale mail        ||    31
Dodge: Dodged            ||    36
Block: Shield            ||    39
